 Dungeon Crawl Stone Soup version 0.31-a0-277-g31ea1f65cc (webtiles) character file.

Game seed: 13397500109214829861

80 Iniera the Magician (level 4, 0/24 HPs)
             Began as a Deep Elf Venom Mage on July 16, 2023.
             Slain by an adder (1 damage)
             ... on level 3 of the Dungeon.
             The game lasted 00:03:28 (2034 turns).

Iniera the Magician (Deep Elf Venom Mage)           Turns: 2034, Time: 00:03:29

Health: 0/24       AC:  2    Str:  5    XL:     4   Next: 18%
Magic:  11/11      EV: 13    Int: 22    God:
Gold:   171        SH:  0    Dex: 15    Spells: 7/10 levels left

rFire   . . .        d - +0 morningstar
rCold   . . .        (no shield)
rNeg    . . .        a - +0 robe
rPois   .            (no helmet)
rElec   .            (no cloak)
rCorr   .            (no gloves)
SInv    .            (no boots)
Will    .....        (no amulet)
Stlth   ++           (no ring)
HPRegen 0.24/turn    (no ring)
MPRegen 0.12/turn

%: no passive effects
@: lethally poisoned (0 -> -4)
A: no striking features
a: no special abilities


You were on level 3 of the Dungeon.
You visited 1 branch of the dungeon, and saw 3 of its levels.

You collected 171 gold pieces.

Inventory:

Hand Weapons
 d - a +0 morningstar (weapon)
Armour
 a - a +0 robe (worn)
 c - a +0 plate armour
 f - a +0 chain mail
Scrolls
 e - a scroll of fear {unknown}
Potions
 b - a potion of magic
 h - a potion of heal wounds {unknown}


   Skills:
 + Level 3.1 Dodging
 + Level 3.2 Stealth
 + Level 3.6 Spellcasting
 + Level 1.2 Conjurations
 + Level 1.9 Transmutations
 + Level 0.9 Air Magic
 + Level 3.6 Poison Magic


You had 7 spell levels left.
You knew the following spells:

 Your Spells              Type           Power      Damage    Failure   Level
a - Sting                 Tmut/Pois      64%        1d6       3%          1
b - Poisonous Vapours     Pois/Air       28%        N/A       7%          2

Your spell library contained the following spells:

 Spells                   Type           Power      Damage    Failure   Level
 Mephitic Cloud           Conj/Pois/Air  12%        N/A       16%         3
 Olgreb's Toxic Radiance  Pois           19%        N/A       26%         4


Dungeon Overview and Level Annotations

Branches:
Dungeon (3/15)

Altars:

Annotations:
D:3 1 transporter


Message History

The orc hits you with a +0 short sword.
You hit the orc.
You kill the orc!
The orc barely misses you.
You hit the orc.
You kill the orc!
Items here: ( ))) †††.
An adder comes into view.
Found a ring mail.
The adder hisses angrily.
You see here 17 gold pieces.
An adder is nearby!
An adder is nearby!
Found a weird runed staff.
The adder bites you.
You are poisoned.
The adder poisons you!
You completely miss the adder.
You feel very sick. The adder bites you. The adder barely misses you.
You miss the adder.
You feel sick. The adder bites you. x2
You are too injured to fight recklessly!
You are too injured to fight recklessly!
You are too injured to fight recklessly!
You are too injured to fight recklessly!
You are too injured to fight recklessly!
You are too injured to fight recklessly!
An adder is nearby!
You miss the adder.
You feel sick. The adder closely misses you. x2
You closely miss the adder.
You feel sick. The adder bites you.
You are more poisoned.
The adder poisons you! The adder barely misses you.
You barely miss the adder.
You feel sick. The adder bites you.
* * * LOW HITPOINT WARNING * * *
You are lethally poisoned!
The adder poisons you! The adder barely misses you.
You barely miss the adder.
* * * LOW HITPOINT WARNING * * *
You feel very sick. The adder barely misses you. The adder bites you.
You die...

#..##..#
####......###
+...........#
####.....##.#
##.#..# .#
#....# #
#.#$## ...#.##
#..# #@.#
#......S....#
#.#......#..#
#...........#
#..#....#...#
....[........#
.....#..#....#
#.#.|........#


You could see an adder.

Vanquished Creatures
  3 adders (D:2)
  A worm (D:2)
  8 orcs (D:3)
  An endoplasm (D:2)
  A giant cockroach (D:2)
  7 goblins
  3 hobgoblins
  4 kobolds
  3 quokkas
  3 ball pythons
  A bat (D:2)
  A frilled lizard (D:1)
  3 rats
39 creatures vanquished.

Notes
Turn   | Place    | Note
-------+----------+-------------------------------------------
     0 | D:1      | Iniera the Deep Elf Venom Mage began the quest for the Orb.
     0 | D:1      | Reached XP level 1. HP: 10/10 MP: 6/6
   288 | D:1      | Reached XP level 2. HP: 15/15 MP: 5/8
   553 | D:1      | Learned a level 2 spell: Poisonous Vapours
   838 | D:2      | Reached XP level 3. HP: 7/19 MP: 3/9
   918 | D:2      | Reached skill level 1 in Conjurations
  1597 | D:3      | Found a transporter.
  1732 | D:3      | Reached XP level 4. HP: 15/24 MP: 11/11
  2034 | D:3      | HP: 1/24 [poisoned by an adder]
  2034 | D:3      | Slain by an adder

Illustrated notes

Levels and vault maps discovered:
D:1:      minmay_arrival_widening_spiral_wide, layout_basic,
          minmay_misc_feat_hallway
D:2:      layout_loops_cross, hangedman_decor_push, dreamdust_wishing_well
D:3:      gammafunk_steamed_eel, layout_loops_corners,
          minmay_misc_feat_more_columns, ebering_dispersal_statue_hall,
          serial_bayou_pond_c

Skill      XL: |  1  2  3 |
---------------+----------+-----
Stealth        | 3 |  3.2
Dodging        | 3 |  3.1
Conjurations   | 1 |  1.2
Spellcasting   | |  3.6
Transmutations | |  1.9
Air Magic      | |  0.9
Poison Magic   | |  3.6

Action                     |  1- 3 |  4- 6 || total
---------------------------+-------+-------++-------
  Melee: Short sword       |     3 |       ||     3
         Sling             |     3 |     7 ||    10
         Morningstar       |       |    16 ||    16
   Fire: Sling             |    43 |       ||    43
   Cast: Sting             |    35 |       ||    35
         Poisonous Vapours |     3 |       ||     3
    Use: Scroll            |     6 |       ||     6
         Potion            |     3 |       ||     3
   Stab: Sleeping          |       |     1 ||     1
 Armour: Robe              |     4 |       ||     4
         Skin              |     2 |     4 ||     6
  Dodge: Dodged            |    25 |     9 ||    34

Table legend: (Time is in decaauts)
 A = Elapsed time spent in this place.
 B = Non-inter-level travel time spent in this place.
 C = Inter-level travel time spent in this place.
 D = Time resting spent in this place.
 E = Time spent auto-exploring this place.
 F = Levels seen in this place.
 G = Mean time per level.
                   A        B        C        D        E       F      G
               +--------+--------+--------+--------+--------+-----+--------+
         Total |   2066 |   2028 |     38 |     80 |   1653 |   3 |  688.7 |
       Dungeon |   2066 |   2028 |     38 |     80 |   1653 |   3 |  688.7 |
               +--------+--------+--------+--------+--------+-----+--------+

Top non-repeatable levels by time:
     D:2: 822 daAuts
     D:1: 746 daAuts
     D:3: 497 daAuts
